 Dungeon Crawl Stone Soup version 0.27.1-33-g824d729ab1 (webtiles) character file.

Game seed: 8459805729006668674

193 SensoryNuts the Slasher (level 5, -4/40 HPs)
             Began as a Demonspawn Gladiator on Dec 19, 2021.
             Slain by Grinder (6 damage)
             ... on level 5 of the Dungeon.
             The game lasted 00:03:55 (3738 turns).

SensoryNuts the Slasher (Demonspawn Gladiator)      Turns: 3738, Time: 00:03:56

Health: -4/40      AC:  3    Str: 15    XL:     5   Next: 43%
Magic:  0/5        EV: 12    Int:  9    God:
Gold:   59         SH:  0    Dex: 15    Spells: 4/4 levels left

rFire    . . .     SeeInvis .   a - +0 long sword
rCold    . . .     Faith    .   (no shield)
rNeg     . . .     Spirit   +   b - +0 leather armour
rPois    .         Reflect  .   (helmet restricted)
rElec    .         Harm     .   (no cloak)
rCorr    .         Rampage  .   (no gloves)
Will     .....                  (no boots)
Stlth    +.........             (no amulet)
HPRegen  0.13/turn              (no ring)
MPRegen  0.18/turn              (no ring)

@: no status effects
A: horns 1, magic shield, magic regeneration
a: no special abilities


You were on level 5 of the Dungeon.
You visited 1 branch of the dungeon, and saw 5 of its levels.

You collected 59 gold pieces.

Inventory:

Hand Weapons
 a - a +0 long sword (weapon)
Missiles
 d - 3 throwing nets (quivered)
Armour
 b - a +0 leather armour (worn)
 c - a +0 helmet
Scrolls
 e - 2 scrolls of fear
 f - 2 scrolls of identify
 g - a scroll of holy word
 j - 2 scrolls of teleportation
Potions
 h - a potion of flight


   Skills:
 + Level 2.9 Fighting
 + Level 4.3 Long Blades
 + Level 1.9 Throwing
 + Level 1.5 Armour
 + Level 3.3 Dodging
 + Level 0.5 Stealth


You had 4 spell levels left.
You didn't know any spells.
Your spell library contained the following spells:

 Spells                   Type           Power      Damage    Failure   Level
 Beastly Appendage        Tmut           0%         N/A       45%         1
 Wereblood                Tmut           0%         N/A       58%         2
 Spider Form              Tmut/Pois      0%         N/A       83%         3


Dungeon Overview and Level Annotations

Branches:
Dungeon (5/15)
 Temple: D:4-7

Altars:

Annotations:
D:5 Grinder


Innate Abilities, Weirdness & Mutations

You have a pair of small horns on your head.
When hurt, damage is shared between your health and your magic reserves.
You regenerate magic rapidly.


Message History

You feel less confused. The orc hits you with a +0 club.
* * * LOW HITPOINT WARNING * * *
The orc wizard misses you.
You riposte.
You hit the orc wizard but do no damage.
Your headbutt misses the orc wizard.
The orc wizard is heavily wounded.
The orc closely misses you.
You closely miss the orc wizard.
The orc wizard is heavily wounded.
The orc hits you with a +0 club.
* * * LOW HITPOINT WARNING * * *
The orc wizard barely misses you. The orc completely misses you.
Unknown command.
The orc wizard barely misses you.
You riposte.
You hit the orc wizard. Your headbutt misses the orc wizard.
The orc wizard is severely wounded.
The orc wizard casts a spell.
The orc wizard flickers and vanishes!
Deactivating autopickup; reactivate with Ctrl-A.
You see here a +0 spear.
Found a stone staircase leading down.
The orc closely misses you.
A puff of flame appears from out of thin air!
The puff of flame hits you!
* * * LOW HITPOINT WARNING * * *
Found 18 stones.
There is a stone staircase leading down here.
The orc barely misses you.
You climb downwards.
Reactivating autopickup.
There is a stone staircase leading up here.
You hit the orc but do no damage. The orc hits you with a +0 club.
* * * LOW HITPOINT WARNING * * *
You closely miss the orc. The orc barely misses you.
You riposte.
You hit the orc.
The orc is moderately wounded.
You hit the orc but do no damage. You headbutt the orc, but do no damage.
The orc is moderately wounded.
The orc closely misses you. Grinder hits you!
You die...

#.#######
......o@#
#.#####5#
#.# ...
#.# #.#
..# ###


You could see Grinder and an orc.

Vanquished Creatures
  An iguana (D:3)
  An orc wizard (D:3)
  4 adders
  3 worms
  16 orcs
  6 ball pythons
  7 bats
  4 endoplasms
  6 giant cockroaches
  A hobgoblin (D:1)
  6 jackals
  5 quokkas
  7 frilled lizards
  5 goblins
  5 kobolds
  3 rats
80 creatures vanquished.

Vanquished Creatures (others)
  3 plants (D:1)
3 creatures vanquished.

Grand Total: 83 creatures vanquished

Notes
Turn   | Place    | Note
-------+----------+-------------------------------------------
     0 | D:1      | SensoryNuts the Demonspawn Gladiator began the quest for
                  | the Orb.
     0 | D:1      | Reached XP level 1. HP: 16/16 MP: 1/1
    67 | D:1      | Found a faded altar of an unknown god.
   161 | D:1      | Gained mutation: You regenerate magic rapidly. [demonic
                  | ancestry]
   161 | D:1      | Reached XP level 2. HP: 14/22 MP: 2/2
   505 | D:1      | Reached skill level 3 in Long Blades
  1246 | D:2      | Gained mutation: You have a pair of small horns on your
                  | head. [demonic ancestry]
  1246 | D:2      | Reached XP level 3. HP: 17/27 MP: 3/3
  2309 | D:3      | Reached skill level 1 in Armour
  2309 | D:3      | Gained mutation: When hurt, damage is shared between your
                  | health and your magic reserves. [demonic ancestry]
  2309 | D:3      | Reached XP level 4. HP: 22/34 MP: 4/4
  2987 | D:3      | Reached skill level 4 in Long Blades
  3117 | D:3      | Reached XP level 5. HP: 24/39 MP: 5/5
  3727 | D:4      | HP: 1/40 [something/puff of flame (5)]
  3735 | D:5      | Entered Level 5 of the Dungeon
  3735 | D:5      | Noticed Grinder
  3736 | D:5      | HP: 1/40 [orc (1)]
  3738 | D:5      | Slain by Grinder

Illustrated notes

Levels and vault maps discovered:
D:1:      dpeg_arrival_tiny_i, layout_basic, serial_bayou,
          serial_bayou_lagoon_a, serial_bayou_pond_d, serial_bayou_pond_d,
          serial_bayou_lake_a, ebering_ecumenical_altar_webs,
          lemuel_old_faithful
D:2:      layout_basic, chequers_serial_rivers_small_b, serial_bayou_pond_b
D:3:      layout_basic, gup_sewer_entry_spiral
D:4:      layout_layer_cave, minmay_misc_feat_iff
D:5:      layout_loops_cross, uniq_sigmund, uniq_blork_the_orc, uniq_grinder

Skill      XL: |  1  2  3  4 |
---------------+-------------+-----
Long Blades    | 3 4 |  4.3
Dodging        | 3 |  3.3
Armour         | 1 |  1.5
Fighting       | |  2.9
Throwing       | |  1.9
Stealth        | |  0.5

Action                   |  1- 3 |  4- 6 || total
-------------------------+-------+-------++-------
Melee: Long sword        |   108 |    99 ||   207
       Headbutt          |     4 |    28 ||    32
  Use: Scroll            |     3 |     1 ||     4
       Potion            |     3 |       ||     3
 Stab: Sleeping          |     1 |     2 ||     3
Armor: Leather armour    |    46 |    22 ||    68
Dodge: Dodged            |    96 |    65 ||   161
       Rpst.: Long sword |    39 |    25 ||    64
